 Dungeon Crawl Stone Soup version 0.17-b1-22-g5359643 (console) character file.

175 Kloppie the Ruffian (level 5, -1/44 (45) HPs)
             Began as a Ghoul Monk on Nov 5, 2015.
             Killed by divine providence
             ... invoked by an orc priest
              (12 damage)
             ... on level 3 of the Dungeon.
             The game lasted 00:06:46 (1578 turns).

Kloppie the Ruffian (Ghoul Monk)                    Turns: 1578, Time: 00:06:46

HP:   -1/44 (45)    AC: 10    Str: 16    XL:     5   Next: 55%
MP:   4/4           EV:  7    Int:  5    God:
Gold: 113           SH:  0    Dex: 11    Spells: 0 memorised, 4 levels left

rFire  . . .     SeeInvis .       - Unarmed
rCold  + . .     Clarity  .     e - +0 chain mail
rNeg   + + +     SustAt   .     (no shield)
rPois  ∞         Gourm    .     j - +0 helmet
rElec  .         Spirit   .     (no cloak)
rCorr  .         Warding  .     (no gloves)
rMut   .         Stasis   .     (no boots)
MR     .....                    (no amulet)
Stlth  ..........               (no ring)
                                (no ring)

@: confused, rotting, not resistant to hostile enchantments, extremely
unstealthy
A: rotting body, claws 1, carnivore 3, cold resistance 1, negative energy
resistance 3, slow regeneration 1, torment resistance, unbreathing
a: no special abilities


You were on level 3 of the Dungeon.
You were not hungry.

You visited 1 branch of the dungeon, and saw 3 of its levels.

You collected 113 gold pieces.

Inventory:

Armour
 e - a +0 chain mail (worn)
 j - a +0 helmet (worn)
Jewellery
 d - an uncursed ring of protection from fire {unknown}
Scrolls
 f - 2 scrolls of teleportation {unknown}
 h - 3 scrolls of identify {unknown}
 k - a scroll of blinking {unknown}
Potions
 a - a potion of cure mutation {unknown}
 c - a potion of curing {unknown}
 i - a potion of ambrosia {unknown}
 m - a potion of agility {unknown}
Comestibles
 b - 2 meat rations
 g - 10 chunks of flesh
 l - a beef jerky
 n - a slice of pizza


   Skills:
 - Level 3.2 Fighting
 + Level 3.3 Armour
 - Level 2.7 Dodging
 - Level 2.1 Stealth
 + Level 5.7 Unarmed Combat


You had 4 spell levels left.
You didn't know any spells.

Dungeon Overview and Level Annotations

Branches:
Dungeon (3/15)

Altars:
Nemelex Xobeh
Xom


Innate Abilities, Weirdness & Mutations

Your body is rotting away.
You thrive on raw meat.
You are immune to poison.
You have sharp fingernails.
You are carnivorous and can eat meat at any time.
Your flesh is cold resistant.
You are immune to negative energy.
You regenerate slowly when monsters are visible.
You are immune to unholy pain and torment.
You can survive without breathing.


Message History

You bump into the rock wall.
The orc priest barely misses you. The orc wizard barely misses you.
Some of the chunks of flesh in your inventory have rotted away.
You scratch the orc wizard but do no damage.
The orc priest hits you but does no damage.
The orc wizard hits you but does no damage.
You scratch the orc priest.
The orc priest is heavily wounded.
The orc wizard closely misses you. The orc priest hits you with a mace.
* * * LOW HITPOINT WARNING * * *
You bump into the rock wall.
The orc wizard casts a spell at you. The puff of flame hits you!
* * * LOW HITPOINT WARNING * * *
The orc priest hits you but does no damage.
The orc wizard hits you but does no damage.
You closely miss the orc wizard.
The orc priest invokes the aid of Beogh against you.
Something smites you!
You die...

####)## ##.####.#######
#.# #.## #.......# #.#
#..#####..[).# #.##
#...# #.....# #..##
#.#.####.....# ##..##
#.#÷.........# ##..#
#>##.o.#.....# ##.#
#.#..o<#.....# #.#
#.#...@#.....# #######.#
#.##..##.....#
........###.##..##.....#
...........)############
#######...÷.......## ##
###.#........#####.##
#...####..........##
##..# ####.##.....##
#### #..<......#


You could see an orc priest and an orc wizard.

Vanquished Creatures
  Jessica (D:3)
  Natasha (twice) (D:3)
  A worker ant (D:3)
  3 adders
  4 worms (D:2)
  2 giant geckos
  An orc (D:3)
  A ball python (D:2)
  8 hobgoblins
  8 kobolds
  A quokka (D:2)
  7 bats
  2 giant cockroaches
  A giant newt (D:1)
  5 goblins
  4 rats
51 creatures vanquished.

Notes
Turn   | Place    | Note
--------------------------------------------------------------
     0 | D:1      | Kloppie the Ghoul Monk began the quest for the Orb.
     0 | D:1      | Reached XP level 1. HP: 19/19 MP: 0/0
   338 | D:1      | Found a shimmering altar of Xom.
   343 | D:1      | Reached skill level 1 in Armour
   343 | D:1      | Reached XP level 2. HP: 26/26 MP: 1/1
   735 | D:2      | Reached XP level 3. HP: 27/30 MP: 2/2
   818 | D:2      | Reached skill level 5 in Unarmed Combat
  1203 | D:2      | Reached XP level 4. HP: 34/38 MP: 3/3
  1236 | D:2      | Found a sparkling altar of Nemelex Xobeh.
  1336 | D:3      | Noticed Natasha
  1346 | D:3      | Killed Natasha
  1382 | D:3      | Noticed Jessica
  1396 | D:3      | Killed Jessica
  1402 | D:3      | Reached XP level 5. HP: 36/44 MP: 4/4
  1463 | D:3      | Noticed Natasha
  1473 | D:3      | Killed Natasha
  1578 | D:3      | Killed from afar by an orc priest

Action                   |  1- 3 |  4- 6 || total
-------------------------+-------+-------++-------
Melee: Unarmed           |   113 |    93 ||   206
 Stab: Sleeping          |     1 |       ||     1
  Eat: Chunk             |     3 |     4 ||     7
